AoeStats
← Jinjitis

Oasis

508058171Analyzed
3v3 RM · 12d ago on Sep 20, 2026· 90m 52s· 6 players
Game mode
Random Map
Map size
Normal (6 player)
Population
200
Speed
Normal
Resources
Standard
Victory
Conquest
Starting age
Dark Age
Ending age
Imperial Age
RankedLock teamsTeams togetherTeam positionsShared explorationLock speedFull tech treeHidden civsTurbo modeCheats
Victory
Defeat
🇨🇭 Ethiopians · Switzerland
1316
+15
🇨🇭 Romans · Switzerland
1315
+15
🇨🇭 Burgundians · Switzerland
1201
+18
🇫🇷 Persians · France
1310
-17
🇫🇷 Muisca · France
1271
-16
🇫🇷 Saracens · France
1260
-15
Jinjitis
5:31 Loom
8:10 Wheelbarrow
9:40 Wheelbarrow
11:23 Feudal Age
12:25 Double-Bit Axe
12:39 Horse Collar
14:53 Hand Cart
14:56 Gold Mining
18:44 Castle Age
18:58 Scale Barding Armor
19:12 Bow Saw
19:39 Forging
19:43 Husbandry
20:05 Chain Barding Armor
19:36 Cavalier
26:40 Iron Casting
28:17 Stone Mining
32:49 Gold Shaft Mining
34:43 Town Watch
39:04 Imperial Age
40:20 Paladin
41:38 Plate Barding Armor
42:44 Blast Furnace
46:07 Pikeman
50:26 Conscription
50:44 Hoardings
50:01 Fletching
50:47 Stone Shaft Mining
50:17 Heavy Plow
51:21 Two-Man Saw
50:29 Town Patrol
52:16 Squires
54:14 Caravan
80:06 Burgundian Vineyards
81:59 Bodkin Arrow
Moonz
12:08 Feudal Age
11:49 Loom
14:10 Man-at-Arms
20:44 Castle Age
19:38 Padded Archer Armor
20:48 Fletching
27:44 Long Swordsman
28:25 Squires
32:20 Pikeman
33:26 Scale Mail Armor
33:36 Forging
34:44 Double-Bit Axe
40:34 Bow Saw
41:03 Wheelbarrow
43:03 Hand Cart
47:33 Imperial Age
46:48 Chain Mail Armor
46:35 Horse Collar
47:43 Halberdier
49:13 Capped Ram
51:29 Chemistry
52:24 Town Watch
54:06 Ballistics
54:32 Iron Casting
55:13 Siege Engineers
54:45 Siege Ram
58:15 Blast Furnace
57:54 Conscription
57:53 Ballistas
58:19 Caravan
58:46 Heavy Scorpion
76:01 Heavy Plow
F40
5:49 Loom
8:51 Feudal Age
12:30 Fletching
13:34 Padded Archer Armor
17:38 Double-Bit Axe
24:21 Castle Age
22:36 Gold Mining
22:27 Horse Collar
24:24 Crossbowman
25:01 Bodkin Arrow
26:06 Bow Saw
26:55 Leather Archer Armor
29:23 Gold Shaft Mining
29:17 Ballistics
31:29 Wheelbarrow
36:26 Imperial Age
36:33 Arbalester
37:18 Thumb Ring
37:19 Bracer
39:49 Chemistry
42:16 Ring Archer Armor
42:54 Scale Mail Armor
43:05 Forging
46:37 Chain Mail Armor
46:57 Iron Casting
46:25 Squires
47:51 Plate Mail Armor
49:24 Iron Casting
49:32 Halberdier
54:54 Blast Furnace
61:09 Arson
66:49 Town Watch
70:49 Two-Man Saw
69:50 Heavy Plow
69:58 Elite Skirmisher
70:44 Thumb Ring
74:35 Caravan
75:38 Hand Cart
75:24 Town Patrol
76:25 Two-Man Saw
76:26 Conscription
77:30 Siege Engineers
77:36 Masonry
78:54 Onager
80:03 Elite Shotel Warrior
82:33 Royal Heirs
Arkanosis
6:57 Loom
10:19 Feudal Age
21:29 Double-Bit Axe
23:51 Wheelbarrow
24:46 Horse Collar
29:30 Castle Age
27:31 Gold Mining
28:21 Stone Mining
31:34 Hand Cart
38:01 Fletching
40:30 Bodkin Arrow
41:24 Fortified Wall
42:52 Masonry
46:49 Imperial Age
45:19 Bow Saw
46:58 Crossbowman
48:59 Chemistry
48:20 Ballistics
48:10 Elite Skirmisher
48:56 Padded Archer Armor
50:51 Two-Man Saw
50:26 Leather Archer Armor
50:51 Bracer
52:19 Ring Archer Armor
53:39 Thumb Ring
54:18 Conscription
54:16 Counterweights
56:27 Pikeman
57:08 Squires
58:02 Scale Mail Armor
58:12 Forging
61:17 Caravan
61:38 Chain Mail Armor
61:59 Iron Casting
63:47 Plate Mail Armor
65:52 Siege Engineers
Apoillinaire
6:35 Loom
9:27 Feudal Age
13:31 Fletching
15:32 Padded Archer Armor
18:53 Horse Collar
19:01 Double-Bit Axe
20:41 Wheelbarrow
20:31 Champi Runner
22:21 Scale Mail Armor
25:04 Castle Age
23:17 Horse Collar
33:46 Hand Cart
36:30 Forging
36:49 Crossbowman
41:45 Imperial Age
40:50 Bodkin Arrow
41:21 Ballistics
41:59 Leather Archer Armor
41:47 Champi Warrior
43:08 Squires
43:12 Bracer
43:18 Pikeman
45:33 Town Watch
46:23 Elite Temple Guard
46:42 Elite Temple Guard
52:15 Thumb Ring
55:03 Gold Mining
56:15 Chain Mail Armor
56:36 Iron Casting
57:35 Plate Mail Armor
57:59 Huaracas
57:25 Elite Champi Warrior
57:58 Elite Champi Warrior
59:40 Plate Mail Armor
64:33 Onager
68:26 Siege Engineers
Squall
8:30 Loom
10:16 Feudal Age
14:48 Castle Age
13:33 Double-Bit Axe
13:49 Horse Collar
15:07 Scale Barding Armor
16:09 Town Watch
20:55 Bloodlines
21:45 Husbandry
22:51 Bow Saw
23:03 Fletching
23:52 Wheelbarrow
25:09 Hand Cart
26:25 Chain Barding Armor
28:12 Forging
28:03 Gold Mining
37:36 Imperial Age
35:58 Iron Casting
36:05 Heavy Plow
37:16 Cavalier
38:32 Plate Barding Armor
39:57 Blast Furnace
39:06 Savar
46:53 Fletching
48:49 Bodkin Arrow
49:26 Coinage
51:02 Ballistics
51:42 Chemistry
51:06 Conscription
52:33 Heavy Camel Rider
56:03 Citadels
58:27 Banking
63:49 Hoardings
62:50 Light Cavalry
63:51 Caravan
64:35 Hussar
79:37 Masonry
80:55 Capped Ram
Connection lost

Rejoining the realm…

Still unreachable

The connection could not be restored.

Session expired

The server has moved on; the page needs a fresh start.